 Dungeon Crawl Stone Soup version 0.30-a0-389-g8d7d949f56 (webtiles) character file.

Game seed: 4125668839645077654

242 p00ps00p the Trooper (level 6, -2/51 (56) HPs)
             Began as a Hill Orc Fighter on Dec 4, 2022.
             Slain by a wight
             ... wielding a +3 hand axe of freezing
              (3 damage)
             ... on level 6 of the Dungeon.
             The game lasted 00:04:09 (2201 turns).

p00ps00p the Trooper (Hill Orc Fighter)             Turns: 2201, Time: 00:04:10

HP:   -2/51 (56)    AC: 12    Str: 21    XL:     6   Next: 9%
MP:   6/6           EV:  5    Int:  8    God:
Gold: 217           SH:  4    Dex: 10    Spells: 5/5 levels left

rFire   . . .      SeeInvis +    a - +0 war axe
rCold   . . .      Faith    .    c - +0 buckler
rNeg    + . .      Spirit   .    s - +0 plate armour
rPois   .          Reflect  .    (no helmet)
rElec   .          Harm     .    (no cloak)
rCorr   .          Rampage  .    (no gloves)
Will    .....                    (no boots)
Stlth   ..........               (no amulet)
HPRegen 0.28/turn                j - ring of positive energy
MPRegen 0.10/turn                l - ring of see invisible

@: hasted, drained, slow
A: no striking features
a: no special abilities


You were on level 6 of the Dungeon.
You visited 1 branch of the dungeon, and saw 5 of its levels.

You collected 217 gold pieces.

Inventory:

Hand Weapons
 a - a +0 war axe (weapon)
Missiles
 m - 6 poisoned darts (quivered)
Armour
 b - a +0 scale mail
 c - a +0 buckler (worn)
 n - a +0 chain mail
 s - a +0 plate armour (worn)
Jewellery
 j - a ring of positive energy (left hand)
 l - a ring of see invisible (right hand)
Scrolls
 e - 2 scrolls of identify
 g - a scroll of teleportation
 q - 2 scrolls of immolation
Potions
 d - a potion of might
 f - 3 potions of brilliance
 i - 3 potions of cancellation
 k - a potion of heal wounds {unknown}
 o - 2 potions of curing {unknown}
 p - a potion of attraction {unknown}


   Skills:
 + Level 5.1 Fighting
 + Level 4.6 Axes
 + Level 4.5 Armour
 + Level 4.5 Shields


You had 5 spell levels left.
You didn't know any spells.
Your spell library contained the following spells:

 Spells                   Type           Power      Damage    Failure   Level
 Ignite Poison            Fire/Tmut/Pois 0%         N/A       100%        3
 Kindle Blastsparks       Fire/Tloc/Air  0%         2d10      100%        3
 Freezing Cloud           Conj/Ice/Air   0%         6-21      100%        5


Dungeon Overview and Level Annotations

Branches:
Dungeon (4/15)
 Temple: D:4-7

Altars:

Shops:
D:1 (


Message History

The wight hits you but does no damage.
You slash the quokka!
You kill the quokka!
You hit the wight.
The wight splashes around in the water.
You enter the shallow water.
Moving in this stuff is going to be slow.
The wight attacks as you move away!
You block the wight's attack. 2 quokkas come into view.
Your unstable footing causes you to fumble your attack.
The wight hits you with a +3 hand axe of freezing.
You partially resist.
You feel drained. The wight freezes you. You block the quokka's attack.
You miss the quokka. You hit the wight.
The wight hits you with a +3 hand axe of freezing.
You partially resist.
You feel drained. The wight freezes you.
The quokka bites you but does no damage.
The wight splashes around in the water.
Your unstable footing causes you to fumble your attack.
The quokka bites you but does no damage.
The wight splashes around in the water.
The quokka bites you but does no damage.
You slash the quokka!
You kill the quokka!
You closely miss the wight.
The wight hits you with a +3 hand axe of freezing!
* * * LOW HITPOINT WARNING * * *
The wight freezes you.
* * * LOW HITPOINT WARNING * * *
You slash the quokka!
You kill the quokka!
You barely miss the wight. The wight barely misses you.
The wight splashes around in the water.
You feel yourself speed up.
You hear the slow rusting of a drain.
The wight hits you with a +3 hand axe of freezing.
* * * LOW HITPOINT WARNING * * *
You partially resist.
You feel drained.
* * * LOW HITPOINT WARNING * * *
The wight freezes you.
You die...

######.##..).........
##~############. #~#
#~# #l# #z# #z# #z#
#@# ~~~~~~†## #######


You could see an iguana and 3 wights.

Vanquished Creatures
  A phantom (D:6)
  A wight (D:6)
  4 adders
  A worm (D:2)
  2 dart slugs
  6 orcs
  6 bats
  5 endoplasms
  3 giant cockroaches
  4 goblins
  2 hobgoblins
  9 quokkas
  10 ball pythons
  7 frilled lizards
  6 kobolds
  5 rats
72 creatures vanquished.

Vanquished Creatures (others)
  14 plants
14 creatures vanquished.

Grand Total: 86 creatures vanquished

Notes
Turn   | Place    | Note
-------+----------+-------------------------------------------
     0 | D:1      | p00ps00p the Hill Orc Fighter began the quest for the Orb.
     0 | D:1      | Reached XP level 1. HP: 19/19 MP: 1/1
   262 | D:1      | Reached XP level 2. HP: 27/27 MP: 2/2
   281 | D:1      | Found Tobes's Weapon Shoppe.
   345 | D:1      | Reached skill level 4 in Fighting
   434 | D:1      | Reached XP level 3. HP: 33/33 MP: 3/3
   801 | D:2      | Reached XP level 4. HP: 33/40 MP: 4/4
  1503 | D:3      | Found a faded altar of an unknown god.
  2114 | D:4      | You fall into a shaft and drop 2 floors!
  2155 | D:6      | Noticed a phantom
  2160 | D:6      | Reached XP level 5. HP: 45/47 MP: 5/5
  2168 | D:6      | Killed a phantom
  2179 | D:6      | Reached skill level 5 in Fighting
  2179 | D:6      | Reached XP level 6. HP: 20/55 MP: 6/6
  2201 | D:6      | HP: 2/52 [wight/+3 hand axe of freezing (6)]
  2201 | D:6      | Slain by a wight

Illustrated notes

Levels and vault maps discovered:
D:1:      sevenhm_arrival_forest_fort_small_3, layout_basic, serial_shops,
          nicolae_shop_crystal, chequers_jeans, chequers_arboretum
D:2:      layout_rooms
D:3:      cheibrodos_old_hovel, layout_basic, hellmonk_ecumenical_altar_blasted,
          serial_curves, eino_curves_03, eino_curves_04,
          chequers_serial_rivers_large_b
D:4:      layout_basic, minmay_temple_entry_statues_pillars, serial_shops,
          nicolae_take_the_stairs, minmay_strange_pillars,
          eino_small_chamber_without_monster
D:6:      layout_basic, nicolae_elyvilon_temple_path, gup_sewer_entry_spiral

Skill      XL: |  1  2  3  4  5 |
---------------+----------------+-----
Axes           | 3 4 |  4.6
Fighting       | 4 5 |  5.1
Shields        | 4 |  4.5
Armour         | 4 |  4.5

Action                   |  1- 3 |  4- 6 || total
-------------------------+-------+-------++-------
Melee: War axe           |   106 |   117 ||   223
  Use: Scroll            |     1 |     7 ||     8
       Potion            |       |     1 ||     1
Armor: Scale mail        |    72 |     4 ||    76
       Chain mail        |       |    53 ||    53
       Plate armour      |       |    20 ||    20
Dodge: Dodged            |    55 |    41 ||    96
Block: Buckler           |    36 |    27 ||    63

Table legend: (Time is in decaauts)
 A = Elapsed time spent in this place.
 B = Non-inter-level travel time spent in this place.
 C = Inter-level travel time spent in this place.
 D = Time resting spent in this place.
 E = Time spent auto-exploring this place.
 F = Levels seen in this place.
 G = Mean time per level.
                   A        B        C        D        E       F      G
               +--------+--------+--------+--------+--------+-----+--------+
         Total |   2310 |   2249 |     61 |      0 |   1667 |   5 |  462.0 |
       Dungeon |   2310 |   2249 |     61 |      0 |   1667 |   5 |  462.0 |
               +--------+--------+--------+--------+--------+-----+--------+

Top non-repeatable levels by time:
     D:3: 999 daAuts
     D:1: 604 daAuts
     D:2: 537 daAuts
     D:6: 100 daAuts
     D:4: 69 daAuts
